 Dungeon Crawl Stone Soup version 0.13-a0-3016-gcb2faac (webtiles) character file.

13939 M4edhros the Sculptor of Flesh (level 12, -4/81 HPs)
             Began as an Octopode Death Knight on Sept 12, 2013.
             Was an Elder of Yredelemnul.
             Slain by a death yak (23 damage)
             ... on Level 4 of the Lair of Beasts.
             The game lasted 00:34:32 (10460 turns).

M4edhros the Sculptor of Flesh (OpDK)              Turns: 10460, Time: 00:34:33

HP  -4/81        AC  6     Str 12      XL: 12   Next:  4%
MP  22/22        EV 18     Int 18      God: Yredelemnul [****..]
Gold 658         SH  0     Dex 12      Spells:  0 memorised, 11 levels left

Res.Fire  : + . .   See Invis. : .   m - +1,+2 whip (elec)
Res.Cold  : . . .   Warding    : +   (no shield)
Life Prot.: + . .   Conserve   : .   (helmet restricted)
Res.Poison: .       Res.Corr.  : .   D - amulet of warding
Res.Elec. : .       Clarity    : .   s - ring of protection from fire
Sust.Abil.: . .     Spirit.Shd : .   y - ring of wizardry
Res.Mut.  : .       Stasis     : .   h - ring of regeneration
Res.Rott. : .       Flight     : .   q - +3 ring of protection
Saprovore : . . .                    (no ring)
                                     (no ring)
                                     (no ring)
                                     (no ring)

@: somewhat resistant to hostile enchantments, fairly stealthy
A: almost no armour, amphibious, 8 rings, constrict 8, camouflage 1, -10% mp,
sense surroundings 1, AC +3, EV +2
a: Animate Dead, Recall Undead Slaves, Injury Mirror, Drain Life, Renounce
Religion


You were on level 4 of the Lair of Beasts.
You worshipped Yredelemnul.
Yredelemnul was extremely pleased with you.
You were very hungry.

You visited 2 branches of the dungeon, and saw 15 of its levels.

You collected 638 gold pieces.

Inventory:

Hand weapons
 a - a +1,+2 spear {=f}
 m - a +1,+2 whip of electrocution (weapon)
Magical devices
 o - a wand of fire (3)
 t - a wand of digging (9) {unknown}
 u - a wand of enslavement (16)
 v - a wand of teleportation (4)
 w - a wand of polymorph (7) {unknown}
 C - a wand of disintegration (7)
Comestibles
 c - 5 bread rations
Scrolls
 b - 2 scrolls of teleportation
 e - 4 scrolls of identify
 f - 4 scrolls of fog
 j - 4 scrolls of blinking
 x - a scroll of amnesia
 z - a scroll of recharging
 A - a scroll of magic mapping
 F - a scroll of remove curse
Jewellery
 h - a ring of regeneration (on tentacle)
 q - a +3 ring of protection (on tentacle)
 r - an uncursed ring of teleportation
 s - a ring of protection from fire (left tentacle)
 y - a ring of wizardry (right tentacle)
 D - an amulet of warding (around mantle)
Potions
 d - a potion of might
 g - a potion of curing
 i - a potion of agility
 n - a potion of flight
 p - a potion of speed
Books
 B - a book of Hinderance

   Spells                             Type                      Level
   Confusing Touch                    Hexes                        1
   Slow                               Hexes                        2
   Confuse                            Hexes                        3
   Petrify                            Transmutation/Earth          4
   Leda's Liquefaction                Hexes/Earth                  4
   Metabolic Englaciation             Hexes/Ice                    6
Miscellaneous
 l - a phial of floods (inert)


   Skills:
 + Level 9.0 Fighting
 + Level 8.4 Maces & Flails
 - Level 9.1 Polearms
 + Level 8.6 Dodging
 + Level 9.6 Invocations


You had 11 spell levels left.
You didn't know any spells.

Dungeon Overview and Level Annotations

Branches:
Dungeon (11/27)            Temple (0/1) D:5             Orc (0/4) D:7
   Lair (4/8) D:11
  Swamp: Lair:3-6    Shoals: Lair:3-6     Snake: Lair:3-6    Spider: Lair:3-6

Altars:
Elyvilon
Kikubaaqudgha
Nemelex Xobeh
Xom
Yredelemnul
Zin

Shops:
D:11 }

Annotations:
D:4 Ijyb
Lair:1 exclusion: oklob plant


Innate Abilities, Weirdness & Mutations

You cannot wear most types of armour.
You are amphibious.
You can wear up to eight rings at the same time.
You can use your tentacles to constrict many enemies at once.
Your skin changes colour to match your surroundings (Stlth).
Your rubbery body absorbs attacks (AC +1).
You are surrounded by a mild repulsion field (EV +2).
You are partially covered in slimy green scales (AC +2).
Your magical capacity is low (-10% MP).
You passively map a small area around you.


Message History

Yredelemnul accepts your kill.
Your flying skull hits the hippogriff.
Your flying skull hits the death yak.
Unknown command.
Unknown command.
Unknown command.
You hit the hippogriff.
The hippogriff is heavily wounded.
Your flying skull hits the hippogriff!
Your wraith hits the hippogriff.
Unknown command.
Unknown command.
Unknown command.
You hit the hippogriff.
There is a sudden explosion of sparks!
You kill the hippogriff!
Yredelemnul accepts your kill.
Your freezing wraith hits the death yak!
Your freezing wraith freezes the death yak!
Your flying skull completely misses the death yak.
The death yak gores you!
You die...
Your body rises from the dead as a mindless zombie.

.f......###
..(...#...P## ,,
............##
.....#.......##
, ,
#.#....#.#...# *
* #..P.....#.# *
##.........# ,
##P<#zzY..#.####
#.....Wz@....$.#
#.....zW..###..#
* ##.##.#(.##
#..*#Y...# , *
###,>##### *
**.. * ≈ * H##,,
* ≈ ≈ ,#. * ≈ .
, ≈


You could see a death yak, a friendly freezing wraith, a friendly wraith and 4
friendly flying skulls.

Vanquished Creatures
  A hydra (Lair:1)
  Pikel (D:4)
  A spiny frog (Lair:3)
  Psyche (D:9)
  A komodo dragon (Lair:3)
  A hungry ghost (D:8)
  A hill giant zombie (D:10)
  2 hippogriffs
  A manticore (D:11)
  2 phantoms
  A porcupine (Lair:1)
  A giant goldfish (Lair:2)
  An ice beast (D:9)
  A yellow wasp (D:8)
  2 centaurs
  A warg (D:7)
  7 ogres
  Sigmund (D:2)
  10 giant frogs
  2 giant slugs
  4 crocodiles
  A komodo dragon zombie (D:11)
  4 water moccasins
  4 killer bees
  A troll zombie (D:9)
  An eye of draining (D:8)
  An electric eel (Lair:2)
  5 crimson imps
  3 orc priests (D:6)
  5 hounds
  2 scorpions
  3 iguanas
  2 big fish (Lair:2)
  2 giant frog skeletons
  6 orc wizards
  5 worker ants
  A killer bee zombie (D:11)
  8 sheep (Lair:3)
  5 ogre zombies (D:9)
  10 adders
  A giant centipede (D:11)
  3 green rats (Lair:2)
  3 giant mites
  An inept item mimic (D:6)
  5 worms
  2 adder skeletons
  A giant eyeball (D:6)
  2 oozes
  25 orcs
  A bat skeleton (D:5)
  3 giant cockroaches
  10 hobgoblins
  7 jackals
  10 kobolds
  9 quokkas
  A ball python (D:3)
  15 bats
  5 giant geckos
  6 giant newts
  A giant newt skeleton (D:5)
  A giant spore (D:9)
  11 goblins
  A goblin skeleton (D:9)
  2 goblin zombies (D:9)
  A hobgoblin skeleton (D:9)
  3 hobgoblin zombies
  2 orc skeletons
  3 orc zombies (D:9)
  A quokka zombie (D:5)
  13 rats
  2 rat skeletons
  A ballistomycete (D:9)
264 creatures vanquished.

Vanquished Creatures (collateral kills)
  2 hydras
  Erica (Lair:2)
  3 death yaks (Lair:4)
  Joseph (D:8)
  A cyclops (D:11)
  A black mamba (Lair:2)
  A basilisk (Lair:1)
  A komodo dragon (Lair:3)
  A blink frog (Lair:4)
  A troll (D:9)
  A shadow (D:11)
  2 water moccasins
  A hill giant zombie (D:8)
  3 yaks (Lair:1)
  2 hippogriffs
  2 hungry ghosts
  A hill giant skeleton (D:8)
  A necrophage (D:7)
  3 porcupines
  An ice beast (D:3)
  3 phantoms
  2 giant goldfish (Lair:2)
  4 crocodiles
  3 wargs (D:7)
  6 giant frogs
  9 killer bees
  5 jellies
  An electric eel (Lair:2)
  4 goliath beetles
  7 big fish (Lair:2)
  2 crimson imps
  4 orc priests
  2 hounds
  3 scorpions
  2 orc wizards
  A worker ant (D:11)
  7 sheep (Lair:3)
  3 ogre zombies (D:9)
  A hound zombie (D:7)
  3 adders
  4 green rats (Lair:2)
  A giant centipede (D:11)
  An inept feature mimic (D:9)
  2 worms
  2 giant eyeballs
  9 orcs
  3 bats
  A giant cockroach (D:6)
  A hobgoblin (D:10)
  3 quokkas
  A goblin (D:7)
  2 goblin skeletons (D:9)
  A goblin zombie (D:9)
  A hobgoblin zombie (D:9)
  5 jackals
  A kobold (D:8)
  2 orc skeletons (D:9)
  8 orc zombies (D:9)
  A rat (D:7)
  A rat skeleton (D:7)
  A butterfly (D:3)
  A fungus (Lair:1)
  2 plants
156 creatures vanquished.

Vanquished Creatures (others)
  5 flying skulls
  2 wraiths
  A water elemental (Lair:4)
  A giant frog (D:11)
  A wight (D:3)
  3 giant frog zombies
  A centaur zombie (D:7)
  A water moccasin zombie (Lair:1)
  2 killer bee zombies (D:11)
  A hound zombie (D:5)
  A mummy (D:6)
  3 big fish zombies (Lair:2)
  A worm zombie (Lair:2)
  A goliath beetle zombie (D:8)
  An iguana zombie (D:5)
  A bat zombie (D:5)
  3 green rat zombies (Lair:2)
  A hobgoblin zombie (D:5)
  A kobold zombie (D:8)
  An orc zombie (D:6)
  2 quokka zombies
  A butterfly (D:3)
35 creatures vanquished.

Grand Total: 455 creatures vanquished

Notes
Turn   | Place    | Note
--------------------------------------------------------------
     0 | D:1      | M4edhros, the Octopode Death Knight, began the quest for the Orb.
     0 | D:1      | Reached XP level 1. HP: 14/14 MP: 2/2
    89 | D:1      | Found a sparkling altar of Nemelex Xobeh.
   127 | D:1      | Reached XP level 2. HP: 17/19 MP: 4/4
   617 | D:1      | Reached XP level 3. HP: 18/24 MP: 5/5
   802 | D:2      | Acquired Yredelemnul's second power
  1182 | D:2      | Reached skill level 4 in Polearms
  1256 | D:2      | Noticed Sigmund
  1271 | D:2      | Killed Sigmund
  1271 | D:2      | Reached skill level 5 in Polearms
  1271 | D:2      | Reached XP level 4. HP: 23/30 MP: 7/7
  1271 | D:2      | Reached XP level 5. HP: 26/35 MP: 8/8
  1518 | D:3      | Gained mutation: You are surrounded by a mild repulsion field (EV +2). [potion of mutation]
  1518 | D:3      | Gained mutation: Your magical capacity is low (-10% MP). [potion of mutation]
  1518 | D:3      | Gained mutation: You passively map a small area around you. [potion of mutation]
  1686 | D:3      | Found a white marble altar of Elyvilon.
  1882 | D:3      | Reached skill level 6 in Polearms
  1970 | D:3      | Acquired Yredelemnul's third power
  1974 | D:3      | Reached XP level 6. HP: 36/40 MP: 9/9
  2273 | D:3      | Received a gift from Yredelemnul
  2339 | D:3      | Noticed an ice beast
  2364 | D:3      | Killed an ice beast
  2527 | D:4      | Noticed Pikel
  2646 | D:4      | Noticed Ijyb
  2868 | D:4      | Reached skill level 7 in Polearms
  2868 | D:4      | Reached XP level 7. HP: 29/45 MP: 9/9
  2961 | D:4      | Paralysed by a potion of paralysis for 3 turns
  3001 | D:4      | Found a shimmering altar of Xom.
  3005 | D:4      | Noticed an angel
  3007 | D:4      | Found a glowing silver altar of Zin.
  3175 | D:4      | Killed Pikel
  3175 | D:4      | Reached skill level 9 in Polearms
  3175 | D:4      | Reached XP level 8. HP: 34/51 MP: 11/11
  3344 | D:5      | Entered Level 5 of the Dungeon
  3495 | D:5      | Reached skill level 1 in Maces & Flails
  3535 | D:5      | Found a staircase to the Ecumenical Temple.
  3855 | D:5      | Received a gift from Yredelemnul
  4104 | D:5      | Found a basalt altar of Yredelemnul.
  4104 | D:5      | Found a white marble altar of Elyvilon.
  4363 | D:6      | Acquired Yredelemnul's fourth power
  4694 | D:6      | Reached XP level 9. HP: 30/57 MP: 13/15
  4825 | D:6      | Reached skill level 5 in Invocations
  4825 | D:6      | Received a gift from Yredelemnul
  4940 | D:6      | Found an ancient bone altar of Kikubaaqudgha.
  5175 | D:7      | Paralysed by a giant eyeball for 3 turns
  5179 | D:7      | Received a gift from Yredelemnul
  5265 | D:7      | Reached skill level 5 in Fighting
  5267 | D:7      | Found a staircase to the Orcish Mines.
  5489 | D:8      | Noticed Joseph
  5516 | D:8      | Killed Joseph
  5516 | D:8      | Reached skill level 5 in Dodging
  5651 | D:8      | Reached skill level 5 in Maces & Flails
  5654 | D:8      | Reached XP level 10. HP: 22/65 MP: 11/18
  6627 | D:9      | Found a staircase to the Orcish Mines.
  6691 | D:9      | the staircase to the Orcish Mines was a mimic.
  6863 | D:9      | Noticed Psyche
  6904 | D:9      | Killed Psyche
  7013 | D:10     | Entered Level 10 of the Dungeon
  7131 | D:10     | Paralysed by a giant eyeball for 2 turns
  7135 | D:10     | Received a gift from Yredelemnul
  7220 | D:10     | Gained mutation: You are partially covered in slimy green scales (AC +2). [potion of beneficial mutation]
  7629 | D:11     | Noticed a seven-headed hydra
  7709 | D:11     | Noticed a seven-headed hydra
  7715 | D:11     | Found Klupuv's Gadget Shop.
  7717 | D:11     | Killed a seven-headed hydra
  7772 | D:11     | Reached XP level 11. HP: 21/72 MP: 19/19
  8055 | D:11     | Noticed a cyclops
  8062 | D:11     | Killed a cyclops
  8076 | D:11     | Found a staircase to the Lair.
  8229 | Lair:1   | Entered Level 1 of the Lair of Beasts
  8597 | Lair:1   | Noticed a seven-headed hydra
  8610 | Lair:1   | Killed a seven-headed hydra
  9172 | Lair:2   | Received a gift from Yredelemnul
  9189 | Lair:2   | Noticed Erica
  9204 | Lair:2   | Killed Erica
  9311 | Lair:2   | Received a gift from Yredelemnul
  9807 | Lair:3   | Received a gift from Yredelemnul
 10055 | Lair:3   | Received a gift from Yredelemnul
 10292 | Lair:3   | Noticed a four-headed hydra
 10298 | Lair:3   | Killed a four-headed hydra
 10427 | Lair:4   | Noticed a death yak
 10433 | Lair:4   | Noticed a death yak
 10434 | Lair:4   | Noticed a death yak
 10434 | Lair:4   | Noticed a death yak
 10448 | Lair:4   | Killed a death yak
 10452 | Lair:4   | Killed a death yak
 10456 | Lair:4   | Killed a death yak
 10456 | Lair:4   | Reached XP level 12. HP: 18/81 MP: 22/22
 10460 | Lair:4   | Slain by a death yak

Action                   |  1- 3 |  4- 6 |  7- 9 | 10-12 || total
-------------------------+-------+-------+-------+-------++-------
Melee: Spear             |    97 |   159 |    55 |       ||   311
       Whip              |       |       |   185 |   404 ||   589
Invok: Animate Dead      |       |     1 |    27 |    44 ||    72
       Recall Undead Sla |       |       |     2 |     4 ||     6
       Drain Life        |       |       |     1 |       ||     1
       Injury Mirror     |       |       |       |     1 ||     1
Evoke: Wand              |       |       |     1 |     7 ||     8
       Miscellaneous     |       |       |       |     1 ||     1
  Use: Potion            |     1 |     8 |     3 |     7 ||    19
       Scroll            |       |    14 |       |    12 ||    26
 Stab: Sleeping          |     6 |     4 |     5 |     5 ||    20
       Distracted        |       |     1 |     1 |     3 ||     5
